 Dungeon Crawl Stone Soup version 0.32-a0-918-g0f22ef8d61 (webtiles) character file.

Game seed: 7688053159585968322

5 Jano the Chopper (level 1, 0/18 HPs)
             Began as a Coglin Berserker on Apr 10, 2024.
             Was a Follower of Trog.
             Frozen to death by an endoplasm (5 damage)
             ... on level 1 of the Dungeon.
             The game lasted 00:00:20 (332 turns).

Jano the Chopper (Coglin Berserker)                  Turns: 332, Time: 00:00:21

Health: 0/18       AC:  2    Str: 17    XL:     1   Next: 80%
Magic:  1/1        EV: 11    Int:  6    God:    Trog [*.....]
Gold:   30         SH:  0    Dex: 13    Spells: 0/0 levels left

rFire   . . .        a - +0 hand axe {Somchit}
rCold   . . .        c - +0 dagger {Ramón}
rNeg    . . .        b - +0 animal skin
rPois   .            (no helmet)
rElec   .            (no cloak)
rCorr   .            (no gloves)
SInv    .            (no boots)
Will    .....        (amulet unavailable)
Stlth   +            (ring unavailable)
HPRegen 0.23/turn    (ring unavailable)
MPRegen 0.07/turn    (no gizmo)

%: no passive effects
@: revved
A: off-hand wielding, slow wielding, warmup strikes, no jewellery
a: Invent Gizmo, Renounce Religion, Berserk


You were on level 1 of the Dungeon.
You worshipped Trog.
Trog was aware of your devotion.
You visited 1 branch of the dungeon, and saw 1 of its levels.

You collected 30 gold pieces.

Inventory:

Hand Weapons
 a - a +0 hand axe (weapon) {Somchit}
 c - a +0 dagger (offhand) {Ramón}
Armour
 b - a +0 animal skin (worn)
Scrolls
 d - 4 scrolls of identify {unknown}
Potions
 e - a potion of resistance {unknown}


   Skills:
 + Level 3.1 Fighting
 * Level 3.2 Axes
 - Level 1.7 Armour
 - Level 1.7 Dodging


You couldn't memorise any spells.
You didn't know any spells.
Your spell library was empty.

Dungeon Overview and Level Annotations

Branches:
Dungeon (1/15)

Altars:


Innate Abilities, Weirdness & Mutations

You can wield a second weapon in your off-hand.
It takes a long time for you to wield or remove held weapons.
Your first few attacks do less damage.
You cannot equip rings or amulets.


Message History

An endoplasm comes into view.
The kobold throws a stone.
The stone hits you but does no damage.
Found a scroll labelled ZISTAMPU VAIRA.
The bat barely misses you.
You closely miss the bat with your +0 hand axe.
The bat is moderately wounded.
You hit the bat with your +0 dagger. The bat barely misses you.
A bat comes into view.
The bat hits you but does no damage.
You hit the bat but do no damage.
The bat is severely wounded.
You hit the bat with your +0 dagger.
You kill the bat!
Trog accepts your kill.
The kobold throws a stone.
The stone misses you.
You hit the kobold with your +0 hand axe.
The kobold is severely wounded.
You closely miss the bat with your +0 hand axe.
You barely miss the kobold with your +0 dagger.
The bat barely misses you.
The kobold hits you with a +0 short sword of protection.
You hit the kobold but do no damage.
The kobold is severely wounded.
You barely miss the endoplasm with your +0 hand axe.
You hit the kobold but do no damage. The bat hits you but does no damage.
The endoplasm freezes you.
You are frozen.
The kobold hits you with a +0 short sword of protection.
The bat hits you but does no damage.
You closely miss the kobold with your +0 hand axe.
The kobold is severely wounded.
You barely miss the bat with your +0 hand axe.
You hit the endoplasm with your +0 hand axe.
You closely miss the kobold with your +0 dagger.
The bat barely misses you. The endoplasm hits you.
The kobold hits you with a +0 short sword of protection.
* * * LOW HITPOINT WARNING * * *
The kobold barely misses you. The endoplasm freezes you.
You are frozen.
You die...

...........##
#.#.#.#.#.#.#.#$#####
...............?...
#.#.#.#.#.#.#.#.#..#
#..................#.#
#.#.#.#.#.#.#.#.#.#.#
...................#
.#.#.#K#J#.#.#.#.#.#..#
.......@b.............#
#.#.#.#.#.#.#.#.#.#.#.#
.....?.........)...#
#.#.#.#.#.#.#.#.#.#..#
..?. ...............#.#
..# #.#.#.#.#.#.#.#.#.#
#### ...r ...........#
...#
#.#.#.#.#.#.#.#..#.#
.ß.# . ...)..........#


You could see an endoplasm, a bat and a kobold.

Vanquished Creatures
  A bat (D:1)
  An endoplasm (D:1)
  A goblin (D:1)
  A quokka (D:1)
4 creatures vanquished.

Notes
Turn   | Place    | Note
-------+----------+-------------------------------------------
     0 | D:1      | Jano the Coglin Berserker began the quest for the Orb.
     0 | D:1      | Reached XP level 1. HP: 18/18 MP: 1/1
   332 | D:1      | Frozen to death by an endoplasm

Illustrated notes

Levels and vault maps discovered:
D:1:      ncdulo_halloftheorcs, layout_basic, hex_large

Action                     || total
---------------------------++-------
  Melee: Hand axe          ||    12
         Dagger            ||    11
 Armour: Animal skin       ||    13
  Dodge: Dodged            ||     9

Table legend: (Time is in decaauts)
 A = Elapsed time spent in this place.
 B = Non-inter-level travel time spent in this place.
 C = Inter-level travel time spent in this place.
 D = Time resting spent in this place.
 E = Time spent auto-exploring this place.
 F = Levels seen in this place.
 G = Mean time per level.
                   A        B        C        D        E       F      G
               +--------+--------+--------+--------+--------+-----+--------+
         Total |    332 |    332 |      0 |      0 |    288 |   1 |  332.0 |
       Dungeon |    332 |    332 |      0 |      0 |    288 |   1 |  332.0 |
               +--------+--------+--------+--------+--------+-----+--------+

Top non-repeatable levels by time:
     D:1: 332 daAuts
